AoeStats
← Bider

African Clearing

504602464Analyzed
4v4 RM · 27d ago on Sep 5, 2026· 41m 46s· 8 players
Game mode
Random Map
Map size
Large (8 player)
Population
200
Speed
Normal
Resources
Standard
Victory
Conquest
Starting age
Dark Age
Ending age
Imperial Age
RankedLock teamsTeams togetherTeam positionsShared explorationLock speedFull tech treeHidden civsTurbo modeCheats
Victory
Defeat
🇷🇺 Huns · Russia
1500
+11
🇮🇹 Malians · Italy
1454
+13
🇨🇱 Maya · Chile
1450
+13
🇵🇪 Vietnamese · Peru
1391
+15
🇨🇱 Italians · Chile
1420
-14
🇲🇽 Vietnamese · Mexico
1406
-14
🇲🇽 Mapuche · Mexico
1354
-12
🇨🇦 Japanese · Canada
1348
-12
Bider
4:33 Loom
13:01 Feudal Age
18:44 Castle Age
17:20 Double-Bit Axe
20:32 Fletching
41:09 Wheelbarrow
RexMachina™
5:12 Loom
14:25 Feudal Age
19:00 Castle Age
17:32 Fletching
18:05 Double-Bit Axe
20:30 Bow Saw
21:02 Horse Collar
24:51 Bodkin Arrow
27:26 Wheelbarrow
27:38 Town Watch
28:18 Padded Archer Armor
31:17 Hand Cart
32:56 Ballistics
36:56 Imperial Age
35:56 Leather Archer Armor
35:44 Squires
35:29 Arson
37:09 Elite Rattan Archer
37:55 Bracer
37:50 Capped Ram
38:35 Stone Mining
38:36 Gold Mining
38:42 Gold Mining
40:20 Chemistry
38:50 Pikeman
41:46 Ring Archer Armor
41:27 Forging
41:17 Scale Mail Armor
41:44 Heavy Plow
43:23 Two-Man Saw
diprial
13:21 Feudal Age
17:08 Castle Age
14:58 Double-Bit Axe
16:51 Gold Mining
19:11 Wheelbarrow
18:23 Loom
19:19 Wheelbarrow
20:15 Horse Collar
21:06 Scale Barding Armor
21:52 Bloodlines
25:55 Town Watch
27:49 Gold Shaft Mining
27:44 Bow Saw
28:04 Husbandry
29:41 Chain Barding Armor
29:56 Stone Mining
30:09 Heavy Plow
30:21 Forging
35:42 Imperial Age
35:13 Iron Casting
34:29 Fletching
36:06 Cavalier
37:35 Plate Barding Armor
40:29 Hand Cart
40:32 Paladin
43:18 Blast Furnace
42:21 Scale Mail Armor
42:35 Masonry
[L_Clan]~Connotado~
3:55 Loom
13:34 Feudal Age
18:04 Castle Age
17:54 Double-Bit Axe
20:20 Fletching
21:34 Bodkin Arrow
22:02 Bow Saw
22:35 Padded Archer Armor
23:55 Horse Collar
26:06 Thumb Ring
26:31 Heavy Plow
27:38 Ballistics
30:21 Leather Archer Armor
32:39 Wheelbarrow
34:57 Hand Cart
37:21 Imperial Age
36:06 Stone Mining
36:08 Gold Mining
38:08 Bracer
39:10 Chemistry
41:18 Elite Plumed Archer
42:19 Conscription
lofty
10:15 Loom
12:52 Feudal Age
15:09 Forging
14:57 Fletching
14:59 Double-Bit Axe
16:12 Horse Collar
18:13 Town Watch
24:25 Castle Age
23:18 Padded Archer Armor
23:32 Gold Mining
23:32 Stone Mining
24:27 Crossbowman
25:29 Bodkin Arrow
27:57 Leather Archer Armor
28:48 Ballistics
35:19 Wheelbarrow
40:56 Thumb Ring
Dark Gundam
9:18 Loom
13:31 Feudal Age
20:30 Castle Age
19:03 Fletching
20:18 Double-Bit Axe
25:46 Horse Collar
29:24 Wheelbarrow
29:53 Bodkin Arrow
30:56 Town Watch
31:34 Hand Cart
33:06 Ballistics
33:03 Bow Saw
35:13 Padded Archer Armor
39:39 Imperial Age
De_Aztek
3:24 Loom
13:53 Feudal Age
19:03 Castle Age
18:25 Fletching
18:35 Padded Archer Armor
23:34 Wheelbarrow
27:40 Double-Bit Axe
28:39 Bodkin Arrow
28:59 Leather Archer Armor
31:24 Ballistics
37:10 Imperial Age
36:04 Gold Mining
37:10 Hand Cart
36:41 Town Watch
38:31 Ring Archer Armor
40:07 Conscription
39:59 Malon
GunsNroses
4:47 Loom
15:15 Feudal Age
16:35 Double-Bit Axe
20:14 Castle Age
27:52 Fletching
30:01 Bodkin Arrow
33:29 Ballistics
39:57 Padded Archer Armor
Connection lost

Rejoining the realm…

Still unreachable

The connection could not be restored.

Session expired

The server has moved on; the page needs a fresh start.